 Dungeon Crawl Stone Soup version 0.25.1-2-g60ff931df9 (webtiles) character file.

Game seed: 1585942359076987631

208 H0rd4k the Insei (level 5, -3/33 HPs)
             Began as an Octopode Transmuter on Aug 24, 2020.
             Killed from afar by a white imp (11 damage)
             ... with a puff of frost
             ... summoned by Natasha
             ... on level 2 of the Dungeon.
             The game lasted 00:04:08 (3779 turns).

H0rd4k the Insei (Octopode Transmuter)              Turns: 3779, Time: 00:04:08

Health: -3/33      AC:  1    Str:  9    XL:     5   Next: 86%
Magic:  9/9        EV: 14    Int: 17    God:
Gold:   194        SH:  0    Dex: 12    Spells: 3/9 levels left

rFire    . . .     SeeInvis .     - Unarmed
rCold    . . .     Gourm    .   (no shield)
rNeg     . . .     Faith    .   (helmet restricted)
rPois    .         Spirit   .   l - amulet of magic regeneration
rElec    .         Reflect  .   (no ring)
rCorr    .         Harm     .   (no ring)
MR       .....                  (no ring)
Stlth    +++.......             (no ring)
HPRegen  0.11/turn              (no ring)
MPRegen  0.36/turn              (no ring)
                                (no ring)
                                (no ring)

@: appendage (expiring), slowed, very slow
A: almost no armour, stealthy swim, amphibious, 8 rings, constrict 8, tentacle
spike 3, camouflage 1, gelatinous body 1
a: End Transformation


You were on level 2 of the Dungeon.
You were very hungry.
One of your tentacles had a temporary spike.
You visited 1 branch of the dungeon, and saw 2 of its levels.

You collected 194 gold pieces.

Inventory:

Missiles
 a - 26 arrows
 f - 2 poisoned darts (quivered)
Jewellery
 l - an amulet of magic regeneration (around mantle)
Scrolls
 e - a scroll of blinking {unknown}
 g - a scroll of magic mapping {unknown}
 h - a scroll of fog {unknown}
 i - 2 scrolls of identify {unknown}
 j - a scroll of amnesia {unknown}
 k - a scroll of enchant armour {unknown}
Potions
 d - a potion of mutation {unknown}
 m - a potion of flight {unknown}
 n - a potion of degeneration {unknown}
Comestibles
 c - 2 rations


   Skills:
 + Level 1.6 Fighting
 + Level 2.7 Dodging
 + Level 2.1 Stealth
 + Level 4.4 Unarmed Combat
 * Level 2.8 Spellcasting
 * Level 3.0 Transmutations


You had 3 spell levels left.
You knew the following spells:

 Your Spells              Type           Power        Failure   Level  Hunger
a - Beastly Appendage     Tmut           ##....       5%          1    #......
b - Sticks to Snakes      Tmut           ##......     8%          2    ##.....
c - Spider Form           Tmut/Pois      #.........   28%         3    ###....

Your spell library contained the following spells:

 Spells                   Type           Power        Failure   Level  Hunger
 Ice Form                 Ice/Tmut       #.......     67%         4    #####..
 Blade Hands              Tmut           ##........   82%         5    ######.


Dungeon Overview and Level Annotations

Branches:
Dungeon (2/15)

Altars:
Fedhas
Kikubaaqudgha

Annotations:
D:2 Natasha


Innate Abilities, Weirdness & Mutations

You cannot wear most types of armour.
You are very stealthy in the water. (Stealth+)
You are amphibious.
You can wear up to eight rings at the same time.
You can use your tentacles to constrict eight enemies at once.
Your skin changes colour to match your surroundings (Stealth+).
Your rubbery body absorbs attacks. (AC +1, EV +1)
One of your tentacles bears a large vicious spike.


Message History

You tentacle-slap Natasha. Your grab misses Natasha.
You pierce Natasha, but do no damage.
Natasha is moderately wounded.
Natasha misses you.
You tentacle-slap Natasha. Your grab misses Natasha.
Natasha is heavily wounded.
Natasha claws you. The white imp hits you. The white imp freezes you.
Natasha claws you.
You tentacle-slap Natasha. You grab Natasha.
You pierce Natasha, but do no damage.
Natasha is almost dead.
Your transformation is almost over.
You constrict Natasha, but do no damage.
The white imp gestures at you. The puff of frost hits you!
* * * LOW HITPOINT WARNING * * *
Natasha completely misses you. The white imp gestures at you.
The puff of frost hits you!
You die...

# #.......# #P_P#........# #
#[#####.# #...#######... # #.#
#.# ##...# #...
#######.#####.#######..P#### #...
...รท....##.......##........#
#..#
.#########.##....##........###..#
......# #.#.....##)##P..#..##...
......## #.#.........#...##......
.......# #.#...h@....##.P.#...[.#
.......# #.##...5.....#._P#...###
.......# #.......######.P.##### #
..####.# ###...#.# ###### #
..####.#####...#.# #...#
.###.........#.#.# #...#
.###.####.##....### #...# ####
..#)......#.......# ##.## #...
.......##.#.......# #.# #.##


You could see Natasha and a white imp (summoned).

Vanquished Creatures
  An orc wizard (D:2)
  Terence (D:2)
  Natasha (twice) (D:2)
  3 adders (D:2)
  An ooze (D:2)
  4 dart slugs
  3 leopard geckos
  4 orcs (D:2)
  4 giant cockroaches
  7 goblins
  3 hobgoblins
  6 jackals (D:2)
  A quokka (D:2)
  6 bats
  3 frilled lizards
  4 kobolds
  5 rats
58 creatures vanquished.

Notes
Turn   | Place    | Note
-------+----------+-------------------------------------------
     0 | D:1      | H0rd4k the Octopode Transmuter began the quest for the Orb.
     0 | D:1      | Reached XP level 1. HP: 13/13 MP: 3/3
   365 | D:1      | Reached XP level 2. HP: 13/18 MP: 5/5
  1080 | D:1      | Reached XP level 3. HP: 17/23 MP: 6/6
  2110 | D:2      | Reached XP level 4. HP: 15/28 MP: 7/7
  2374 | D:2      | Reached skill level 1 in Stealth
  2374 | D:2      | Reached skill level 4 in Unarmed Combat
  2665 | D:2      | Found a blossoming altar of Fedhas.
  2665 | D:2      | Found an ancient bone altar of Kikubaaqudgha.
  2668 | D:2      | Noticed Terence
  2680 | D:2      | Killed Terence
  2680 | D:2      | Reached XP level 5. HP: 26/33 MP: 8/8
  2783 | D:2      | Noticed Natasha
  2802 | D:2      | Learned a level 2 spell: Sticks to Snakes
  2806 | D:2      | Learned a level 3 spell: Spider Form
  2814 | D:2      | Killed Natasha
  3367 | D:2      | Noticed Natasha
  3380 | D:2      | Killed Natasha
  3772 | D:2      | Noticed Natasha
  3779 | D:2      | Killed from afar by a white imp

Illustrated notes

Levels and vault maps discovered:
D:1:      dpeg_arrival_water_fire, layout_basic
D:2:      layout_loops_cross, grunt_temple_overflow_growth_and_decay,
          minmay_fractal_squares_5, uniq_terence, uniq_natasha

Skill      XL: |  1  2  3  4  5 |
---------------+----------------+-----
Stealth        | 1 2 |  2.1
Unarmed Combat | 4 |  4.4
Transmutations | 3 |  3.0
Fighting       | |  1.6
Dodging        | |  2.7
Spellcasting   | |  2.8

Action                   |  1- 3 |  4- 6 || total
-------------------------+-------+-------++-------
Melee: Unarmed           |    96 |    61 ||   157
       Constrict         |    23 |    13 ||    36
       Tentacles         |    13 |    13 ||    26
       Punch             |     2 |     1 ||     3
       Kick              |     2 |    10 ||    12
 Cast: Beastly Appendage |     2 |     5 ||     7
       Sticks to Snakes  |       |     3 ||     3
  Use: Potion            |       |     2 ||     2
 Stab: Sleeping          |       |     6 ||     6
  Eat: Chunk             |     4 |     4 ||     8
Armor: Skin              |    19 |     5 ||    24
Dodge: Dodged            |    82 |    33 ||   115
